 Dungeon Crawl Stone Soup version 0.19-a0-1852-gc11d922 (webtiles) character file.

15772 Psiweapon the Slicer (level 12, -5/76 HPs)
             Began as a Vampire Enchanter on Oct 11, 2016.
             Was an Elder of Makhleb.
             Killed by the air
             ... invoked by Gastronok
              (29 damage)
             ... on level 8 of the Dungeon.
             The game lasted 00:56:51 (16356 turns).

Psiweapon the Slicer (Vampire Enchanter)           Turns: 16356, Time: 00:56:51

Health: -5/76      AC: 10    Str:  8    XL:     12   Next: 4%
Magic:  6/19       EV: 20    Int: 27    God:    Makhleb [****..]
Gold:   744        SH:  0    Dex: 27    Spells: 5 memorised, 10 levels left

rFire  . . .     SeeInvis +     b - +10 arbalest "Dragonbane" {elec, Int+10 Dex+2}
rCold  + + .     Gourm    .     R - +0 troll leather armour
rNeg   + + +     Faith    .     (shield currently unavailable)
rPois  ∞         Spirit   .     (no helmet)
rElec  .         Dismiss  .     M - +1 cloak
rCorr  .         Reflect  .     D - +2 pair of gloves {Dex+3}
MR     +....     Harm     .     (no boots)
Stlth  ++++++++..               (no amulet)
                                V - +3 ring of dexterity
                                E - ring of stealth

@: bloodless, non-regenerating
A: fangs 3, see invisible, unbreathing
a: Bat Form, Minor Destruction, Lesser Servant of Makhleb, Major Destruction,
Renounce Religion


You were on level 8 of the Dungeon.
You worshipped Makhleb.
Makhleb was greatly pleased with you.
You were bloodless.

You visited 1 branch of the dungeon, and saw 15 of its levels.
You also visited: Sewer.

You collected 744 gold pieces.

Inventory:

Hand Weapons
 a - a +3 short sword of draining
 b - the +10 arbalest "Dragonbane" (weapon) {elec, Int+10 Dex+2}
   (You found it on level 15 of the Dungeon)

   It charges the ammunition it shoots with electricity; occasionally upon a
   hit, such missiles may discharge and cause terrible harm.
   It affects your intelligence (+10).
   It affects your dexterity (+2).
 l - a +3 dagger of distortion
 x - a +0 blowgun
 F - a +3 falchion of freezing
 G - a +1 flail of protection
 I - a +4 falchion
 J - a +1 spear of freezing
 S - a +3 dagger of venom
 U - a cursed -1 dagger
 Y - a cursed +3 dagger
Missiles
 e - 27 bolts (quivered)
 y - 53 poisoned needles
 P - a throwing net
 Q - 46 sling bullets
Armour
 j - a +1 robe of cold resistance
 k - a +0 buckler
 r - a +0 robe
 t - a +0 pair of gloves
 D - a +2 pair of gloves of dexterity (worn)
 M - a +1 cloak (worn)
 R - a +0 troll leather armour (worn)
 Z - a +1 chain mail of positive energy
Magical Staves
 u - an uncursed staff of poison {unknown}
 O - an uncursed staff of cold
Jewellery
 i - an uncursed ring of flight
 m - a cursed ring of magical power
 v - an uncursed ring of poison resistance
 E - a ring of stealth (left hand)
 V - a +3 ring of dexterity (right hand)
Wands
 p - a wand of lightning (8/15)
 K - a wand of paralysis (16/24)
Scrolls
 f - 3 scrolls of blinking
 q - 4 scrolls of teleportation
 s - a scroll of identify
 w - 2 scrolls of fog
 z - 3 scrolls of enchant weapon
 H - 2 scrolls of recharging {unknown}
 L - 3 scrolls of fear
 N - 3 scrolls of magic mapping {unknown}
 T - a scroll of summoning {unknown}
 X - a scroll of remove curse
Potions
 d - 12 potions of blood
 g - 4 potions of curing
 h - 4 potions of magic {unknown}
 n - 2 potions of might
 o - 2 potions of heal wounds {unknown}
 C - 2 potions of agility {unknown}
Books
 c - a book of Maledictions

   Spells                             Type                      Level
   a - Corona                         Hexes                        1
   b - Ensorcelled Hibernation        Hexes/Ice                    2
   c - Confuse                        Hexes                        3
   d - Tukima's Dance                 Hexes                        3
   e - Dazzling Spray                 Conjuration/Hexes            3
 A - a book of Minor Magic

   Spells                             Type                      Level
   a - Magic Dart                     Conjuration                  1
   b - Blink                          Translocation                2
   c - Call Imp                       Summoning                    2
   d - Repel Missiles                 Charms/Air                   2
   e - Slow                           Hexes                        2
   f - Conjure Flame                  Conjuration/Fire             3
   g - Mephitic Cloud                 Conjuration/Poison/Air       3
 B - a book of Callings

   Spells                             Type                      Level
   a - Summon Small Mammal            Summoning                    1
   b - Call Imp                       Summoning                    2
   c - Call Canine Familiar           Summoning                    3
   d - Summon Guardian Golem          Hexes/Summoning              3
   e - Summon Lightning Spire         Summoning/Air                4
   f - Summon Ice Beast               Ice/Summoning                4
 W - a book of Cantrips

   Spells                             Type                      Level
   a - Confusing Touch                Hexes                        1
   b - Animate Skeleton               Necromancy                   1
   c - Summon Small Mammal            Summoning                    1
   d - Apportation                    Translocation                1


   Skills:
 - Level 1.0 Fighting
 - Level 10.5 Short Blades
 + Level 3.4 Crossbows
 - Level 7.2 Armour
 - Level 8.7 Dodging
 - Level 10.2 Stealth
 - Level 5.0 Spellcasting
 - Level 5.0 Hexes
 - Level 5.4 Ice Magic
 - Level 6.2 Invocations


You had 10 spell levels left.
You knew the following spells:

 Your Spells              Type           Power        Failure   Level  Hunger
a - Corona                Hex            ####...      1%          1    None
b - Ensorcelled Hibernat  Hex/Ice        #####.       1%          2    None
c - Confuse               Hex            ####....     4%          3    #......
d - Blink                 Tloc           N/A          17%         2    None
e - Dazzling Spray        Conj/Hex       ###...       12%         3    #......


Dungeon Overview and Level Annotations

Branches:
Dungeon (15/15)            Temple (0/1) D:4             Orc (0/2) D:10
   Lair: D:8-11      Vaults: D:13-14     Depths: D:15

Altars:
Dithmenos
Gozag
Kikubaaqudgha
Makhleb
Nemelex Xobeh
Okawaru
Uskayaw
Yredelemnul
Zin
The Shining One
Beogh

Shops:
D:8 ?

Annotations:
D:8 Gastronok


Innate Abilities, Weirdness & Mutations

You do not heal naturally.
You are immune to poison.
You have razor-sharp teeth.
You have supernaturally acute eyesight. (SInv)
You can survive without breathing.


Message History

Press: ? - help, Shift-Dir - straight line, f/p - Gastronok
Aim: Gastronok, wearing a hat (moderately wounded, covering ground quickly)
The bolt of negative energy hits Gastronok.
Gastronok is drained!
Gastronok is moderately wounded.
You can no longer summon a greater servant of Makhleb.
Gastronok chants a spell, wobbling all the while.
You feel sluggish.
Press: ? - help, Shift-Dir - straight line, f/p - Gastronok
Aim: Gastronok, wearing a hat (moderately wounded, covering ground quickly, lightly drained)
The bolt of fire hits Gastronok.
Gastronok is heavily wounded.
Press: ? - help, Shift-Dir - straight line, f/p - Gastronok
Aim: Gastronok, wearing a hat (heavily wounded, covering ground quickly, lightly drained)
The bolt of negative energy hits Gastronok.
Gastronok is drained!
Gastronok is heavily wounded.
Gastronok waves his eye-stalks in wide circles.
The air twists around and strikes you!
You die...

#.#.###.......(.##.#>.#......
#.._..#....W....#.....#......
###.#.#............##.#......
#.....#.......(..............
###[###.###...).#####.#.....
####......##...))### .#.##
#.......###..##w## .. .
#.....<## #.###.# .. .#
#......####.###@######.
#......##..............
#......##...###........
#......###### #..[.....
######## #........ #........
########.


You could see Gastronok and a phantom.

Vanquished Creatures
  Frances (D:12)
  Fannar (D:12)
  The ghost of xvga the Slicer, a novice KoAs of Kikubaaqudgha (D:7)
  4 unseen horrors
  A manticore (D:12)
  Maurice (D:8)
  Psyche (D:11)
  The ghost of Grim the Bolt Thrower, a novice MiHu (D:5)
  A gargoyle (D:12)
  2 trolls
  A two-headed ogre (D:11)
  4 flying skulls (D:12)
  A wyvern (D:10)
  Sigmund (D:5)
  A wraith (D:12)
  5 yaks (D:11)
  Grum (D:8)
  Menkaure (D:5)
  2 water moccasins
  Edmund (D:5)
  3 sky beasts
  A phantom (D:8)
  3 ice beasts
  4 centaurs
  6 ogres
  2 wolves (D:8)
  8 big kobolds (Sewer)
  2 bullfrogs
  A gnoll sergeant (D:6)
  3 scorpions
  15 killer bees
  4 wights (D:10)
  6 howler monkeys
  5 crimson imps
  A bullfrog zombie (D:10)
  A gnoll shaman (D:9)
  6 hounds
  12 orc priests
  9 jellies
  3 centaur skeletons
  3 iguanas
  9 orc wizards
  12 worker ants
  2 hound skeletons
  14 gnolls
  20 adders
  2 river rats (D:5)
  5 shadow imps
  9 oozes
  2 adder skeletons
  9 worms
  3 dart slugs
  4 leopard geckos
  38 orcs
  18 giant cockroaches
  7 goblins
  7 hobgoblins
  9 jackals
  5 quokkas
  4 ball pythons
  11 bats
  7 frilled lizards
  10 kobolds
  A quokka skeleton (D:7)
  14 rats
352 creatures vanquished.

Vanquished Creatures (collateral kills)
  A bullfrog (D:15)
1 creature vanquished.

Grand Total: 353 creatures vanquished

Notes
Turn   | Place    | Note
-------+----------+-------------------------------------------
     0 | D:1      | Psiweapon the Vampire Enchanter began the quest for the Orb.
     0 | D:1      | Reached XP level 1. HP: 13/13 MP: 3/3
   201 | D:2      | Reached XP level 2. HP: 11/19 MP: 1/5
   373 | D:1      | Learned a level 2 spell: Ensorcelled Hibernation
  1344 | D:1      | Reached XP level 3. HP: 16/24 MP: 4/6
  1568 | D:1      | Reached skill level 5 in Hexes
  2223 | D:2      | Found a basalt altar of Yredelemnul.
  2269 | D:2      | Reached skill level 5 in Stealth
  2437 | D:3      | Reached XP level 4. HP: 27/30 MP: 7/7
  2897 | D:2      | Reached skill level 1 in Ice Magic
  3556 | D:3      | Reached XP level 5. HP: 35/35 MP: 8/8
  3696 | D:3      | Found an ancient bone altar of Kikubaaqudgha.
  3863 | D:3      | Learned a level 3 spell: Confuse
  4010 | D:4      | Noticed an ogre
  4025 | D:4      | Killed an ogre
  4025 | D:4      | Reached XP level 6. HP: 41/41 MP: 9/9
  4074 | D:5      | Entered Level 5 of the Dungeon
  4092 | D:5      | Found a burning altar of Makhleb.
  4098 | D:5      | Noticed Grim's ghost (novice MiHu)
  4101 | D:5      | Became a worshipper of Makhleb the Destroyer
  4132 | D:5      | Killed Grim's ghost
  4132 | D:5      | Reached skill level 5 in Short Blades
  4132 | D:5      | Reached XP level 7. HP: 19/46 MP: 7/10
  4461 | D:5      | Noticed Menkaure
  4470 | D:5      | Found a glowing drain.
  4484 | Sewer    | Entered a sewer
  5110 | Sewer    | Reached XP level 8. HP: 38/52 MP: 11/11
  5760 | Sewer    | Reached * piety under Makhleb
  5944 | D:4      | Found a sparkling altar of Nemelex Xobeh.
  5944 | D:4      | Found a staircase to the Ecumenical Temple.
  6280 | D:4      | Noticed a hand axe
  6281 | D:4      | Noticed a dagger
  6287 | D:4      | Found a hide-covered altar of Uskayaw.
  6440 | D:5      | Reached skill level 5 in Ice Magic
  6466 | D:5      | Reached ** piety under Makhleb
  6728 | D:5      | Noticed Edmund
  6733 | D:5      | Killed Edmund
  6911 | D:5      | Killed Menkaure
  6911 | D:5      | Reached XP level 9. HP: 57/57 MP: 12/12
  7027 | D:5      | Noticed Sigmund
  7037 | D:5      | Reached skill level 10 in Stealth
  7044 | D:5      | Killed Sigmund
  7201 | D:5      | Found an iron altar of Okawaru.
  7414 | D:6      | Found a glowing silver altar of Zin.
  7571 | D:6      | Reached skill level 10 in Short Blades
  7571 | D:6      | Reached skill level 1 in Invocations
  8474 | D:8      | Found an opulent altar of Gozag.
  8476 | D:8      | Noticed Grum
  8481 | D:8      | Reached *** piety under Makhleb
  8484 | D:8      | Killed Grum
  8621 | D:7      | Noticed xvga's ghost (novice KoAs)
 10287 | D:7      | Reached skill level 5 in Dodging
 10561 | D:7      | Killed xvga's ghost
 10561 | D:7      | Reached XP level 10. HP: 21/63 MP: 0/15
 10979 | D:7      | Found a glowing golden altar of the Shining One.
 11134 | D:8      | Found Bihen's Magic Scroll Emporium.
 11149 | D:8      | Noticed Maurice
 11159 | D:8      | Killed Maurice
 11341 | D:8      | Noticed Gastronok
 11343 | D:8      | Found a basalt altar of Yredelemnul.
 11708 | D:9      | Reached skill level 5 in Spellcasting
 11748 | D:9      | Reached skill level 1 in Armour
 12165 | D:9      | Reached **** piety under Makhleb
 12198 | D:10     | Entered Level 10 of the Dungeon
 12782 | D:10     | Noticed an unseen horror
 12785 | D:10     | Killed an unseen horror
 12857 | D:10     | Learned a level 2 spell: Blink
 12861 | D:10     | Learned a level 3 spell: Dazzling Spray
 13185 | D:10     | Found a staircase to the Orcish Mines.
 13542 | D:10     | Found a roughly hewn altar of Beogh.
 13834 | D:12     | Noticed Frances
 13845 | D:12     | Noticed an orange demon
 13845 | D:12     | Noticed a soul eater
 13852 | D:12     | Killed Frances
 13852 | D:12     | Reached skill level 5 in Armour
 13852 | D:12     | Reached skill level 5 in Invocations
 13852 | D:12     | Reached XP level 11. HP: 51/68 MP: 15/18
 14025 | D:11     | Noticed an unseen horror
 14028 | D:11     | Killed an unseen horror
 14038 | D:11     | Noticed Psyche
 14041 | D:11     | Killed Psyche
 14696 | D:12     | Reached skill level 1 in Fighting
 14725 | D:12     | Noticed a brown ugly thing
 15440 | D:13     | Noticed an unseen horror
 15442 | D:13     | Killed an unseen horror
 15443 | D:13     | Noticed an unseen horror
 15445 | D:13     | Killed an unseen horror
 15465 | D:15     | Entered Level 15 of the Dungeon
 15465 | D:15     | Noticed a fire dragon
 15472 | D:15     | Got a slimy arbalest
 15565 | D:15     | Noticed a skeletal warrior
 15573 | D:15     | Noticed a skeletal warrior
 15577 | D:15     | Noticed a necromancer
 15627 | D:15     | Noticed a centaur warrior
 15697 | D:14     | Identified the +10 arbalest "Dragonbane" {elec, Int+10 Dex+2} (You found it on level 15 of the Dungeon)
 16000 | D:12     | Noticed Fannar
 16016 | D:12     | Killed Fannar
 16084 | D:12     | Noticed a skeletal warrior
 16170 | D:10     | Reached XP level 12. HP: 58/76 MP: 19/19
 16227 | D:8      | Found a shadowy altar of Dithmenos.
 16327 | D:8      | Reached ***** piety under Makhleb
 16356 | D:8      | Killed from afar by Gastronok

Vault maps used:
D:1:      tarquinn_simple_flora_water_b, minmay_tetromino_i4
D:2:      minmay_roachtagon, marbit_many_paths, grunt_ministairs_6
D:3:      kiku_gazebo_pond_becter
D:4:      kennysheep_six_static_rooms, nemelex_xobeh_ov_fountains_minmay,
          dancing_weapons_uskayaw, first_bread
D:5:      okawaru_ov_weapons_minmay, lemuel_crystal_altar, serial_glass,
          glass_columns_b, glass_columns_a, portal_sewer_entry_a, uniq_menkaure,
          uniq_edmund, uniq_sigmund
D:6:      zin_academy
D:7:      nicolae_tso_swordbearing_angel
D:8:      nicolae_dithmenos_through_a_glass_darkly,
          nicolae_gozag_cash_rules_everything_around_me, xom_butterflies,
          lair_0_dummy, serial_shops,
          nicolae_shop_temple_entry_statues_fountains,
          yredelemnul_altar_generic, uniq_grum, uniq_maurice, uniq_gastronok
D:9:      hangedman_little_slice_of_home
D:10:     minmay_orc_entry_temple_small, minmay_misc_feat_square
D:11:     uniq_psyche
D:12:     minmay_guarded_unrand_skullcrusher, uniq_fannar, uniq_frances
D:14:     lightli_vaults_fourway_checkpoint, kennysheep_crisscross,
          serial_shops, nicolae_shop_overgrown_old_shop
D:15:     gammafunk_depths_entry_grave, minmay_misc_feat_tower, basic_altar,
          uniq_nessos
Sewer:    sewer_co_tree

Skill      XL: |  1  2  3  4  5  6  7  8  9 10 11 |
---------------+----------------------------------+-----
Short Blades   | 2 3 4 5 7 9 10 | 10.5
Hexes          | 5 |  5.0
Stealth        | 5 6 7 8 9 10 | 10.2
Ice Magic      | 1 2 3 4 5 |  5.4
Dodging        | 5 7 8 |  8.7
Invocations    | 3 5 6 |  6.2
Spellcasting   | 3 5 |  5.0
Armour         | 5 7 |  7.2
Fighting       | 1 |  1.0
Crossbows      | 3 |  3.4

Action                   |  1- 3 |  4- 6 |  7- 9 | 10-12 || total
-------------------------+-------+-------+-------+-------++-------
Melee: Dagger            |    80 |       |       |       ||    80
       Bite              |     4 |     7 |    20 |    32 ||    63
       Short sword       |    33 |   112 |   381 |   290 ||   816
       Falchion          |       |       |       |    56 ||    56
 Fire: Arbalest          |       |       |       |    48 ||    48
 Cast: Corona            |     9 |       |       |       ||     9
       Ensorcelled Hiber |     3 |     9 |    63 |    80 ||   155
       Confuse           |       |     1 |    18 |     9 ||    28
       Dazzling Spray    |       |       |       |     1 ||     1
Invok: Minor Destruction |       |       |       |     6 ||     6
       Lesser Servant of |       |       |       |     2 ||     2
       Major Destruction |       |       |       |     8 ||     8
 Abil: Bat Form          |       |       |       |     3 ||     3
       End Transformatio |       |       |       |     3 ||     3
  Use: Scroll            |     2 |     2 |     6 |     6 ||    16
       Potion            |     1 |     1 |     8 |    13 ||    23
 Stab: Sleeping          |    16 |    16 |    62 |    73 ||   167
       Distracted        |     1 |     3 |     5 |     6 ||    15
       Confused          |       |     4 |       |     6 ||    10
Armor: Robe              |     9 |       |     4 |     6 ||    19
       Leather armour    |    18 |    31 |    52 |       ||   101
       Troll leather arm |       |       |       |   110 ||   110
Dodge: Dodged            |    76 |    60 |   164 |   413 ||   713
       Rpst.: Falchion   |       |       |       |    16 ||    16
